 Dungeon Crawl Stone Soup version 0.26.1-11-gd32895ea62 (webtiles) character file.

Game seed: 10100875876406783877

130 dtburroughs the Chopper (level 4, -1/61 HPs)
             Began as a Minotaur Berserker on June 29, 2021.
             Was a Believer of Trog.
             Slain by Crazy Yiuf
             ... wielding a +4 quarterstaff of chaos
              (19 damage)
             ... on level 2 of the Dungeon.
             The game lasted 00:02:29 (2513 turns).

dtburroughs the Chopper (Minotaur Berserker)        Turns: 2513, Time: 00:02:29

Health: -1/61      AC:  9    Str: 22    XL:     4   Next: 89%
Magic:  3/3        EV:  9    Int:  5    God:    Trog [**....]
Gold:   80         SH:  0    Dex:  9    Spells: 3/3 levels left

rFire    . . .     SeeInvis .   a - +0 hand axe
rCold    . . .     Faith    .   (no shield)
rNeg     . . .     Spirit   .   f - +0 chain mail
rPois    .         Reflect  .   (helmet restricted)
rElec    .         Harm     .   (no cloak)
rCorr    .         Rampage  .   (no gloves)
Will     .....                  (no boots)
Stlth    ..........             (no amulet)
HPRegen  0.20/turn              (no ring)
MPRegen  0.08/turn              (no ring)

@: berserking, lethally poisoned (-1 -> -4), very quick
A: retaliatory headbutt, horns 2
a: Renounce Religion, Berserk, Trog's Hand


You were on level 2 of the Dungeon.
You worshipped Trog.
Trog was pleased with you.
You visited 1 branch of the dungeon, and saw 2 of its levels.

You collected 80 gold pieces.

Inventory:

Hand Weapons
 a - a +0 hand axe (weapon)
Armour
 b - a +0 animal skin
 c - a +0 scale mail
 f - a +0 chain mail (worn)
 i - a scarf of harm
Scrolls
 e - 2 scrolls of teleportation {unknown}
 h - 2 scrolls of remove curse {unknown}
 j - a scroll of identify {unknown}
Potions
 d - 3 potions of curing {unknown}
 g - a potion of heal wounds {unknown}
 k - 3 potions of degeneration {unknown}
 l - a potion of flight {unknown}


   Skills:
 + Level 4.5 Fighting
 + Level 4.6 Axes
 + Level 3.6 Armour
 + Level 3.4 Dodging


You had 3 spell levels left.
You didn't know any spells.
Your spell library was empty.

Dungeon Overview and Level Annotations

Branches:
Dungeon (2/15)

Altars:
Hepliaklqana
Ru

Annotations:
D:2 Crazy Yiuf


Innate Abilities, Weirdness & Mutations

You reflexively headbutt those who attack you in melee.
You have a pair of horns on your head.


Message History

You feel sick.
Crazy Yiuf says, "Fire!
Spliff action foot."
Crazy Yiuf hits you but does no damage.
You hit Crazy Yiuf but do no damage.
You headbutt Crazy Yiuf, but do no damage.
Crazy Yiuf is lightly wounded.
Crazy Yiuf laughs, "Powder!"
Crazy Yiuf hits you with a +4 quarterstaff of chaos!
You hit Crazy Yiuf but do no damage.
Crazy Yiuf is lightly wounded.
You feel sick.
Crazy Yiuf says, "Pitchfork!
Peeping bush action."
Crazy Yiuf hits you with a +4 quarterstaff of chaos.
* * * LOW HITPOINT WARNING * * *
A red film seems to cover your vision as you go berserk!
You feel yourself moving faster!
You feel mighty!
Crazy Yiuf hits you with a +4 quarterstaff of chaos.
* * * LOW HITPOINT WARNING * * *
You are electrocuted!!
You die...

##### #...# ###
♣♣####.# #)..#♣♣
♣♣....#.#
#...g@♣♣♣♣.......#
#...#♣..♣........#
### ♣♣♣.♣.P..##.#
♣♣♣♣♣####.# #.#
#.# #.# #.# #.#


You could see Crazy Yiuf.

Vanquished Creatures
  Natasha (twice) (D:2)
  Robin (D:2)
  2 adders (D:2)
  2 dart slugs (D:2)
  3 leopard geckos
  2 giant cockroaches
  16 goblins
  6 hobgoblins
  A ball python (D:2)
  3 bats (D:2)
  A frilled lizard (D:1)
  3 kobolds (D:2)
  3 rats
45 creatures vanquished.

Vanquished Creatures (others)
  A fungus (D:2)
1 creature vanquished.

Grand Total: 46 creatures vanquished

Notes
Turn   | Place    | Note
-------+----------+-------------------------------------------
     0 | D:1      | dtburroughs the Minotaur Berserker began the quest for the
                  | Orb.
     0 | D:1      | Reached XP level 1. HP: 19/19 MP: 0/0
   294 | D:1      | Reached XP level 2. HP: 6/27 MP: 1/1
  1047 | D:2      | Reached XP level 3. HP: 28/33 MP: 2/2
  1117 | D:2      | Noticed Natasha
  1834 | D:2      | Killed Natasha
  1837 | D:2      | Noticed Robin
  2030 | D:2      | Killed Robin
  2031 | D:2      | Reached XP level 4. HP: 34/41 MP: 3/3
  2305 | D:2      | Found a hazy altar of Hepliaklqana.
  2307 | D:2      | Found a sacrificial altar of Ru.
  2419 | D:2      | Reached ** piety under Trog
  2462 | D:2      | Found a runed translucent door.
  2462 | D:2      | Noticed Natasha
  2463 | D:2      | Noticed Crazy Yiuf
  2506 | D:2      | Killed Natasha
  2513 | D:2      | Slain by Crazy Yiuf

Illustrated notes

Levels and vault maps discovered:
D:1:      ncdulo_lavacross, layout_loops_ring
D:2:      layout_loops_ring, nicolae_overflow_hidden_temple, uniq_natasha,
          uniq_robin, uniq_crazy_yiuf_cottage

Skill      XL: |  1  2  3 |
---------------+----------+-----
Axes           | 4 |  4.6
Fighting       | 4 |  4.5
Armour         | 3 |  3.6
Dodging        | 3 |  3.4

Action                   |  1- 3 |  4- 6 || total
-------------------------+-------+-------++-------
Melee: Hand axe          |    48 |    33 ||    81
       Headbutt          |     4 |     4 ||     8
       Unarmed           |     1 |       ||     1
Invok: Berserk           |     1 |     1 ||     2
Armor: Animal skin       |    13 |       ||    13
       Chain mail        |    15 |    14 ||    29
Dodge: Dodged            |    60 |    17 ||    77
